AoeStats
← Jé !

Arena

506417841Analyzed
1v1 RM · 2mo ago on Sep 13, 2026· 24m 46s· 2 players
Game mode
Random Map
Map size
Tiny (2 player)
Population
200
Speed
Normal
Resources
Standard
Victory
Conquest
Starting age
Dark Age
Ending age
Imperial Age
RankedLock teamsTeams togetherTeam positionsShared explorationLock speedFull tech treeHidden civsTurbo modeCheats
Victory
Defeat
🇳🇱 Burgundians · Netherlands
423
+14
vs
🇧🇷 Britons · Brazil
383
-14
Jé !
10:53 Feudal Age
11:22 Double-Bit Axe
16:19 Gold Mining
16:11 Horse Collar
20:55 Castle Age
21:02 Padded Archer Armor
20:53 Fletching
21:16 Scale Mail Armor
20:56 Elite Skirmisher
21:51 Bow Saw
21:53 Heavy Plow
PD
3:28 Double-Bit Axe
11:40 Feudal Age
10:50 Horse Collar
13:54 Loom
16:47 Castle Age
18:32 Bow Saw
18:29 Heavy Plow
18:54 Light Cavalry
22:30 Two-Man Saw
Connection lost

Rejoining the realm…

Still unreachable

The connection could not be restored.

Session expired

The server has moved on; the page needs a fresh start.